General information
- name: BNet
- type: Ladder team game (AT/RT)
- host: Battle.net
- saver: IlIlIlIlIlIIlIl
map: DragonFalls
- players: 8
- length: 25:33
- speed: Fast
- version: 1.26 W3XP
- replay type: Public
» download(155 KB)
Players
team 1 (winner)

»
Mad_Arthas (
teal | 52 APM | 1149 actions | 22:10)
6 Tauren Chieftain
3 Endurance Aura
2 Shockwave
1 Reincarnation
» actions
| Assign group hotkey | 71 | |
| Build / train | 50 | |
| ESC pressed | 2 | |
| Enter build submenu | 21 | |
| Enter hero's abilities submenu | 6 | |
| Give item / drop item | 1 | |
| Right click | 501 | |
| Select / deselect | 218 | |
| Select group hotkey | 216 | |
| Use ability | 63 | |
1149 total
» units
| Peon | 11 | |
| Grunt | 5 | |
| Troll Headhunter/Berserker | 3 | |
| Shaman | 6 | |
| Tauren | 1 | |
26 total
» upgrades
| Armor | 2 | |
| Melee Weapons | 1 | |
| Shaman Training | 2 | |
| Berserker Strength | 1 | |
| Pillage | 1 | |
7 total
» buildings
| Barracks | 1 | |
| Orc Burrow | 8 | |
| Altar of Storms | 2 | |
| War Mill | 1 | |
| Voodoo Lounge | 1 | |
| Stronghold | 2 | |
| Spirit Lodge | 2 | |
| Fortress | 1 | |
| Tauren Totem | 2 | |
| Great Hall | 1 | |
21 total
» build order
00:25 Barracks
00:36 Orc Burrow
00:52 Altar of Storms
01:39 Orc Burrow
01:55 War Mill
03:44 Orc Burrow
04:03 Voodoo Lounge
04:19 Stronghold
05:29 Orc Burrow
07:08 Spirit Lodge
07:12 Spirit Lodge
08:43 Fortress
11:12 Tauren Totem
11:13 Tauren Totem
13:15 Great Hall
17:25 Orc Burrow
17:27 Orc Burrow
18:04 Stronghold
20:41 Orc Burrow
20:45 Altar of Storms
21:38 Orc Burrow
» items
| Boots of Speed | 1 | |
| Healing Salve | 3 | |
| Lesser Clarity Potion | 1 | |
| Scroll of Town Portal | 1 | |
| Orb of Lightning | 1 | |
7 total
IlIlIlIlIlIIlIl (
green | 97 APM | 2476 actions | 25:33)
8 Mountain King
3 Storm Bolt
3 Thunder Clap
1 Avatar
1 Bash
» actions
| Assign group hotkey | 64 | |
| Basic commands | 69 | |
| Build / train | 167 | |
| ESC pressed | 12 | |
| Enter build submenu | 55 | |
| Enter hero's abilities submenu | 8 | |
| Give item / drop item | 2 | |
| Right click | 1005 | |
| Select / deselect | 313 | |
| Select group hotkey | 594 | |
| Use ability | 187 | |
2476 total
» units
| Peasant | 22 | |
| Footman | 6 | |
| Dragonhawk Rider | 5 | |
| Goblin Shredder | 2 | |
| Goblin Zeppelin | 3 | |
| Gryphon Rider | 2 | |
| Siege Engine | 1 | |
41 total
» upgrades
| Masonry | 5 | |
| Lumber Harvesting | 3 | |
| Swords | 3 | |
| Armor | 3 | |
| Animal War Training | 1 | |
| Cloud | 1 | |
| Storm Hammers | 1 | |
| Flak Cannons | 1 | |
| Fragmentation Shards | 1 | |
| Flare | 1 | |
| Barrage | 1 | |
| Flying Machine Bombs | 1 | |
| Gunpowder | 2 | |
24 total
» buildings
| Altar of Kings | 1 | |
| Barracks | 1 | |
| Farm | 14 | |
| Lumber Mill | 3 | |
| Arcane Vault | 1 | |
| Scout Tower | 20 | |
| Town Hall | 2 | |
| Arcane Tower | 3 | |
| Keep | 6 | |
| Blacksmith | 3 | |
| Gryphon Aviary | 4 | |
| Guard Tower | 31 | |
| Castle | 6 | |
| Workshop | 4 | |
99 total
» build order
00:53 Altar of Kings
00:56 Barracks
00:59 Farm
01:10 Farm
01:18 Farm
01:53 Lumber Mill
01:58 Lumber Mill
02:17 Farm
02:20 Farm
02:23 Farm
02:32 Arcane Vault
02:36 Farm
04:01 Scout Tower
04:26 Town Hall
04:52 Arcane Tower
04:52 Arcane Tower
05:26 Scout Tower
05:27 Scout Tower
05:33 Scout Tower
06:31 Keep
06:32 Keep
07:36 Blacksmith
07:40 Scout Tower
07:40 Scout Tower
07:55 Farm
08:29 Scout Tower
08:29 Scout Tower
08:30 Scout Tower
08:55 Gryphon Aviary
08:57 Gryphon Aviary
09:05 Blacksmith
09:14 Guard Tower
09:14 Guard Tower
09:16 Blacksmith
09:31 Castle
09:32 Castle
09:33 Guard Tower
09:33 Guard Tower
09:34 Guard Tower
10:45 Lumber Mill
12:14 Keep
12:14 Keep
12:46 Town Hall
13:33 Guard Tower
13:34 Guard Tower
13:48 Scout Tower
13:50 Scout Tower
13:51 Scout Tower
13:52 Scout Tower
13:53 Scout Tower
13:56 Scout Tower
13:56 Scout Tower
13:58 Scout Tower
14:39 Guard Tower
14:40 Guard Tower
14:40 Guard Tower
14:48 Guard Tower
14:48 Guard Tower
14:48 Guard Tower
14:49 Guard Tower
14:49 Guard Tower
15:10 Guard Tower
15:14 Guard Tower
15:14 Guard Tower
15:58 Guard Tower
15:58 Guard Tower
16:03 Castle
16:39 Scout Tower
16:41 Scout Tower
16:44 Scout Tower
18:40 Guard Tower
18:40 Guard Tower
20:53 Workshop
20:54 Workshop
20:57 Workshop
21:01 Workshop
21:13 Farm
21:13 Farm
21:14 Farm
21:15 Farm
21:17 Farm
21:19 Farm
22:43 Gryphon Aviary
22:45 Gryphon Aviary
» items
| Scroll of Regeneration | 6 | |
| Lesser Clarity Potion | 5 | |
| Scroll of Town Portal | 2 | |
13 total
ChipKelly (
yellow | 32 APM | 822 actions | 25:33)
6 Archmage
3 Blizzard
2 Brilliance Aura
1 Mass Teleport
» actions
| Basic commands | 3 | |
| Build / train | 58 | |
| Enter build submenu | 30 | |
| Enter hero's abilities submenu | 7 | |
| Remove unit from queue | 1 | |
| Right click | 382 | |
| Select / deselect | 266 | |
| Use ability | 75 | |
822 total
» units
| Peasant | 18 | |
| Sorceress | 5 | |
| Gryphon Rider | 5 | |
| Mortar Team | 6 | |
| Siege Engine | 2 | |
36 total
» upgrades
| Lumber Harvesting | 1 | |
| Sorceress Training | 1 | |
| Storm Hammers | 1 | |
| Flare | 1 | |
| Fragmentation Shards | 1 | |
| Swords | 1 | |
| Gunpowder | 1 | |
| Barrage | 1 | |
8 total
» buildings
| Lumber Mill | 1 | |
| Farm | 17 | |
| Altar of Kings | 1 | |
| Keep | 2 | |
| Town Hall | 2 | |
| Castle | 1 | |
| Blacksmith | 1 | |
| Arcane Sanctum | 1 | |
| Workshop | 3 | |
29 total
» build order
00:54 Lumber Mill
01:00 Farm
01:41 Farm
02:20 Farm
02:33 Altar of Kings
03:13 Farm
03:50 Farm
04:33 Keep
05:08 Town Hall
06:46 Farm
06:58 Castle
07:03 Blacksmith
07:05 Arcane Sanctum
07:51 Workshop
07:53 Workshop
08:23 Workshop
09:24 Farm
09:29 Farm
10:01 Farm
10:09 Farm
10:12 Farm
10:17 Farm
10:19 Farm
10:21 Farm
10:41 Farm
15:06 Town Hall
15:20 Farm
15:21 Farm
18:48 Keep
» items

»
AFlyingNutsack (
pink | 23 APM | 169 actions | 07:29)
1 Mountain King
1 Storm Bolt
» actions
| Basic commands | 3 | |
| Build / train | 24 | |
| Enter build submenu | 18 | |
| Enter hero's abilities submenu | 1 | |
| Right click | 47 | |
| Select / deselect | 57 | |
| Use ability | 19 | |
169 total
» units
» upgrades
» buildings
| Farm | 5 | |
| Altar of Kings | 1 | |
| Lumber Mill | 3 | |
| Barracks | 1 | |
| Keep | 1 | |
| Blacksmith | 1 | |
| Scout Tower | 3 | |
| Guard Tower | 3 | |
| Castle | 1 | |
| Gryphon Aviary | 2 | |
| Arcane Vault | 1 | |
22 total
» build order
00:37 Farm
01:07 Altar of Kings
01:48 Farm
02:05 Lumber Mill
02:16 Lumber Mill
02:25 Lumber Mill
02:55 Barracks
03:21 Keep
03:29 Farm
03:53 Farm
04:10 Blacksmith
05:00 Farm
05:21 Scout Tower
05:38 Scout Tower
05:42 Guard Tower
05:59 Scout Tower
06:03 Guard Tower
06:05 Castle
06:13 Gryphon Aviary
06:20 Guard Tower
06:45 Gryphon Aviary
07:17 Arcane Vault
team 2 (loser)
GabrielUrach (
purple | 49 APM | 1245 actions | 25:12)
3 Warden
2 Fan of Knives
1 Blink
» actions
| Assign group hotkey | 5 | |
| Basic commands | 27 | |
| Build / train | 53 | |
| Enter build submenu | 24 | |
| Enter hero's abilities submenu | 3 | |
| Right click | 532 | |
| Select / deselect | 450 | |
| Select group hotkey | 116 | |
| Use ability | 34 | |
1245 total
» units
| Wisp | 10 | |
| Archer | 5 | |
| Huntress | 4 | |
| Druid of the Claw | 3 | |
| Dryad | 5 | |
| Knight | 1 | |
28 total
» upgrades
| Abolish Magic | 1 | |
| Druid of the Claw Training | 2 | |
| Mark of the Claw | 1 | |
4 total
» buildings
| Ancient of War | 1 | |
| Altar of Elders | 1 | |
| Moon Well | 6 | |
| Hunter's Hall | 1 | |
| Tree of Ages | 1 | |
| Ancient of Lore | 3 | |
| Tree of Eternity | 1 | |
| Scout Tower | 9 | |
| Guard Tower | 15 | |
| Lumber Mill | 1 | |
39 total
» build order
00:12 Ancient of War
00:17 Altar of Elders
00:25 Moon Well
01:47 Moon Well
02:50 Hunter's Hall
03:58 Tree of Ages
04:22 Moon Well
05:20 Moon Well
06:20 Ancient of Lore
06:23 Ancient of Lore
07:44 Ancient of Lore
07:47 Tree of Eternity
10:58 Moon Well
12:47 Moon Well
17:27 Scout Tower
18:13 Scout Tower
18:18 Guard Tower
18:28 Scout Tower
18:58 Lumber Mill
19:40 Guard Tower
19:42 Guard Tower
19:46 Scout Tower
20:14 Guard Tower
20:16 Guard Tower
20:18 Guard Tower
20:21 Scout Tower
20:24 Scout Tower
20:51 Guard Tower
20:54 Scout Tower
20:58 Guard Tower
21:00 Scout Tower
21:10 Scout Tower
21:24 Guard Tower
21:38 Guard Tower
21:39 Guard Tower
21:56 Guard Tower
22:04 Guard Tower
22:05 Guard Tower
22:10 Guard Tower
persona-5-woot (
orange | 53 APM | 1363 actions | 25:31)
7 Far Seer
3 Feral Spirit
3 Chain Lighting
1 Earth Quake
» actions
| Assign group hotkey | 68 | |
| Basic commands | 31 | |
| Build / train | 51 | |
| Enter build submenu | 21 | |
| Enter hero's abilities submenu | 7 | |
| Give item / drop item | 7 | |
| Right click | 506 | |
| Select / deselect | 231 | |
| Select group hotkey | 368 | |
| Use ability | 73 | |
1363 total
» units
| Peon | 11 | |
| Grunt | 3 | |
| Goblin Shredder | 2 | |
| Goblin Zeppelin | 1 | |
| Wind Rider | 5 | |
| Green Dragon | 1 | |
| Raider | 2 | |
25 total
» upgrades
| Reinforced Defenses | 1 | |
| Ranged Weapons | 2 | |
| Armor | 2 | |
| Envenomed Spears | 1 | |
6 total
» buildings
| Altar of Storms | 1 | |
| Orc Burrow | 7 | |
| Barracks | 1 | |
| Voodoo Lounge | 1 | |
| War Mill | 2 | |
| Great Hall | 3 | |
| Stronghold | 1 | |
| Fortress | 1 | |
| Watch Tower | 10 | |
| Beastiary | 4 | |
31 total
» build order
00:07 Altar of Storms
00:18 Orc Burrow
00:37 Barracks
01:25 Orc Burrow
01:56 Voodoo Lounge
02:48 War Mill
03:23 Great Hall
04:10 Stronghold
04:37 Orc Burrow
04:38 Orc Burrow
06:44 War Mill
06:51 Fortress
07:18 Watch Tower
07:19 Watch Tower
07:31 Watch Tower
07:31 Watch Tower
08:21 Great Hall
08:42 Beastiary
08:42 Beastiary
08:43 Beastiary
09:57 Orc Burrow
09:57 Orc Burrow
09:58 Orc Burrow
11:25 Watch Tower
11:25 Watch Tower
11:26 Watch Tower
11:27 Watch Tower
11:28 Watch Tower
12:28 Beastiary
13:51 Great Hall
» items
| Healing Salve | 4 | |
| Staff of Teleportation | 1 | |
| Orb of Lightning | 1 | |
| Potion of Healing | 1 | |
7 total
Cruzer6 (
red | 30 APM | 505 actions | 16:38)
3 Goblin Tinker
1 Pocket Factory
1 Engineering Upgrade
1 Cluster Rockets
2 Goblin Alchemist
1 Healing Spray
1 Chemical Rage
» actions
| Basic commands | 6 | |
| Build / train | 60 | |
| Enter build submenu | 19 | |
| Enter hero's abilities submenu | 5 | |
| Give item / drop item | 2 | |
| Right click | 167 | |
| Select / deselect | 193 | |
| Use ability | 53 | |
505 total
» units
| Peasant | 21 | |
| Footman | 12 | |
| Priest | 1 | |
| Sorceress | 1 | |
35 total
» upgrades
| Masonry | 2 | |
| Lumber Harvesting | 2 | |
4 total
» buildings
| Altar of Kings | 1 | |
| Farm | 4 | |
| Lumber Mill | 1 | |
| Barracks | 2 | |
| Arcane Vault | 2 | |
| Scout Tower | 4 | |
| Arcane Tower | 2 | |
| Guard Tower | 2 | |
| Town Hall | 1 | |
| Keep | 1 | |
| Castle | 1 | |
| Arcane Sanctum | 2 | |
| Blacksmith | 1 | |
24 total
» build order
00:06 Altar of Kings
00:21 Farm
00:45 Farm
01:00 Lumber Mill
01:27 Barracks
02:04 Farm
02:20 Arcane Vault
02:46 Scout Tower
03:20 Arcane Tower
03:26 Scout Tower
03:37 Farm
03:55 Guard Tower
04:37 Town Hall
05:38 Scout Tower
05:45 Keep
06:13 Scout Tower
06:14 Guard Tower
07:07 Arcane Tower
08:49 Arcane Vault
12:20 Castle
12:24 Arcane Sanctum
12:27 Barracks
12:31 Arcane Sanctum
15:07 Blacksmith
» items
| Potion of Healing | 3 | |
| Potion of Mana | 1 | |
| Lesser Clarity Potion | 1 | |
| Scroll of Regeneration | 1 | |
| Orb of Fire | 1 | |
| Scroll of Town Portal | 1 | |
8 total

»
thistimehellyou (
blue | 61 APM | 1557 actions | 25:33)
3 Tauren Chieftain
1 War Stomp
2 Endurance Aura
» actions
| Assign group hotkey | 58 | |
| Basic commands | 41 | |
| Build / train | 89 | |
| ESC pressed | 12 | |
| Enter build submenu | 18 | |
| Enter hero's abilities submenu | 3 | |
| Right click | 593 | |
| Select / deselect | 178 | |
| Select group hotkey | 471 | |
| Use ability | 94 | |
1557 total
» units
| Peon | 13 | |
| Goblin Shredder | 4 | |
| Troll Batrider | 36 | |
| Kodo Beast | 1 | |
| Knight | 3 | |
57 total
» upgrades
| Ranged Weapons | 3 | |
| Liquid Fire | 1 | |
| Reinforced Defenses | 1 | |
| Armor | 1 | |
| War Drums Damage Increase | 1 | |
| Animal War Training | 1 | |
8 total
» buildings
| War Mill | 2 | |
| Orc Burrow | 10 | |
| Stronghold | 1 | |
| Altar of Storms | 1 | |
| Voodoo Lounge | 1 | |
| Fortress | 2 | |
| Beastiary | 2 | |
| Great Hall | 1 | |
20 total
» build order
00:07 War Mill
00:11 Orc Burrow
00:13 Orc Burrow
01:55 Stronghold
01:57 Altar of Storms
02:53 Orc Burrow
03:04 Orc Burrow
03:31 Voodoo Lounge
03:47 Orc Burrow
04:27 Fortress
05:30 Orc Burrow
05:34 Orc Burrow
05:39 Orc Burrow
06:12 Beastiary
06:16 Beastiary
07:11 Orc Burrow
07:14 Orc Burrow
09:20 War Mill
13:48 Great Hall
» items
| Healing Salve | 4 | |
| Lesser Clarity Potion | 2 | |
| Orb of Lightning | 1 | |
7 total
Chat log
(00:36 / All) ChipKelly: who here wants to play my litle pony after this?
(00:56 / All) GabrielUrach: warpten
(01:00 / All) GabrielUrach: whosrdaddy
(01:05 / All) IlIlIlIlIlIIlIl: I bet you think you're witty
(01:33 / All) GabrielUrach: gredisgood 10000
(01:47 / All) ChipKelly: iseedeadpeople
(01:48 / All) GabrielUrach: shit
(01:49 / All) ChipKelly: who am i kidding
(01:52 / All) GabrielUrach: doest work
(01:53 / All) ChipKelly: im already map hackign
(02:04 / All) GabrielUrach: this shit doest work
(03:07 / Allies) ChipKelly: units?
(03:12 / Allies) AFlyingNutsack: i got air
(03:21 / Allies) Mad_Arthas: grunts shamans taurens
(03:32 / Allies) ChipKelly: morts/tanks i guess
(03:39 / All) thistimehellyou: i just took some melatonin i dont know if i can last the whole gam.e
(03:58 / All) ChipKelly: act like you've done it before bro
(04:13 / All) thistimehellyou: in the middle of designing wc4 as well with lua.
(04:17 / All) thistimehellyou: so much pressure
(06:13 / Allies) ChipKelly: whoops
(06:42 / All) ChipKelly: favorite pornstar GO
(07:32 / All) IlIlIlIlIlIIlIl: wtf
(07:35 / Allies) Mad_Arthas: what ?
(08:25 / Allies) ChipKelly: 100 wood?
(08:57 / Allies) Mad_Arthas: ok
(09:00 / Allies) Mad_Arthas: we can win
(09:03 / Allies) Mad_Arthas: i stand the front
(09:07 / Allies) Mad_Arthas: with melee shamans
(09:36 / Allies) ChipKelly: so you're saying
(09:37 / Allies) ChipKelly: ...
(09:41 / Allies) ChipKelly: there is a chance?
(09:45 / Allies) Mad_Arthas: green
(09:47 / Allies) Mad_Arthas: u need army
(10:02 / All) IlIlIlIlIlIIlIl: wtf is that hall placement?
(10:57 / All) Cruzer6: whats wrong with it
(11:04 / All) IlIlIlIlIlIIlIl: it's so far away
(11:07 / All) IlIlIlIlIlIIlIl: you could have made it closer
(11:14 / All) ChipKelly: purple
(11:15 / Allies) ChipKelly: b
(11:17 / All) Cruzer6: na more pesants it can handle
(11:18 / All) ChipKelly: Beg me for mercy
(11:23 / All) IlIlIlIlIlIIlIl: what
(11:28 / All) IlIlIlIlIlIIlIl: why would you want more than 5 peasants on it
(11:29 / All) Cruzer6: noob
(11:31 / All) GabrielUrach: please
(11:32 / All) GabrielUrach: leave me alone
(11:34 / All) GabrielUrach: dont hurt me
(11:38 / All) ChipKelly: ok
(11:38 / All) ChipKelly: <3
(11:39 / Allies) Mad_Arthas: meet ?
(11:42 / All) IlIlIlIlIlIIlIl: you want more peasants on it on purpose?
(11:45 / All) IlIlIlIlIlIIlIl: wehn that goes into your food count
(11:46 / All) GabrielUrach: wtf?
(11:47 / All) Cruzer6: the farther away the more pesants can mine gold
(11:49 / All) IlIlIlIlIlIIlIl: and you could have more army?
(11:59 / All) IlIlIlIlIlIIlIl: um yeah and the closer the more efficiently and fastert hey can
(12:12 / All) Cruzer6: true but at start it dnt matter specialy if you goin shops an shit
(12:32 / Allies) ChipKelly: wow fuck blue
(14:16 / All) IlIlIlIlIlIIlIl: I can't believe red's extra peasant strat is serious
(15:18 / Allies) IlIlIlIlIlIIlIl: wood
(16:03 / All) GabrielUrach: we jsut lost this game
(16:07 / All) GabrielUrach: cause orange is a fucking noob
(16:10 / All) ChipKelly: yeah you did
(16:13 / All) ChipKelly: thanks to me killing you
(16:15 / All) ChipKelly: dude
(16:21 / All) ChipKelly: you suicided evretyhing in my morts
(16:23 / All) GabrielUrach: shut up noob
(16:25 / All) GabrielUrach: come 1x1
(16:33 / All) IlIlIlIlIlIIlIl: From where you're kneeling it may look like an 18-karat turn of bad luck but the truth is, the game was rigged from the start
(16:35 / All) GabrielUrach: without noob alys
(16:43 / Allies) ChipKelly: im pretty sure we just 1v1purp
(16:44 / All) ChipKelly: i won
(16:49 / All) ChipKelly: no one else was there
(16:50 / All) ChipKelly: ?
(17:27 / All) ChipKelly: or am i wrong? purp
(17:32 / All) GabrielUrach: what?
(17:39 / All) ChipKelly: we 1x1 alreayd
(17:44 / All) GabrielUrach: lol
(17:47 / All) GabrielUrach: i dont think it so
(18:33 / All) ChipKelly: oj your only shot to win
(18:50 / All) IlIlIlIlIlIIlIl: I wish this map had more wood
(19:07 / Allies) IlIlIlIlIlIIlIl: ty
(19:09 / Allies) IlIlIlIlIlIIlIl: good work
(19:11 / Allies) ChipKelly: np
(19:53 / All) IlIlIlIlIlIIlIl: oh he left
(19:57 / All) ChipKelly: far seer underrated
(21:53 / Allies) ChipKelly: didnt even use pink
(22:06 / All) Mad_Arthas: yellow
(22:08 / All) Mad_Arthas: TKER
(22:09 / All) Mad_Arthas: gg
(22:18 / All) ChipKelly: wasn't even me tking him
(22:19 / All) ChipKelly: lol
(22:27 / All) ChipKelly: i was getting there... but
(22:38 / All) ChipKelly: damn i wanted a standoff
(22:43 / All) GabrielUrach: I WILL FUCK YOUR ASS ORANGE
(22:45 / All) GabrielUrach: ASSHOLE
(22:46 / All) GabrielUrach: BITCH
(22:50 / All) IlIlIlIlIlIIlIl: LOL
(22:52 / All) persona-5-woot: lol
(22:53 / All) GabrielUrach: noob
(22:54 / All) ChipKelly: LMAO
(22:57 / All) GabrielUrach: we lost cause you
(23:02 / All) IlIlIlIlIlIIlIl: I think your legs would be too sore to do any thrusting
(23:03 / All) GabrielUrach: fucking noob
(23:04 / All) persona-5-woot: my flower has already been plucked
(23:04 / All) IlIlIlIlIlIIlIl: from taking it too much
(23:04 / All) ChipKelly: no you lost
(23:08 / All) ChipKelly: because this game was fixed
(23:36 / All) GabrielUrach: dont kill the towers
(23:38 / All) GabrielUrach: i'mhiting him
(23:39 / All) ChipKelly: no
(23:41 / All) ChipKelly: i kill them
(23:47 / All) GabrielUrach: fuck you
(23:52 / All) IlIlIlIlIlIIlIl: We crush towers and make the noobie purple lose
(23:55 / All) ChipKelly: i know oj fag
(23:57 / All) IlIlIlIlIlIIlIl: Purple how does it feel right now?
(23:59 / All) GabrielUrach: lol
(24:03 / All) GabrielUrach: come 1x1 noob
(24:10 / All) ChipKelly: dude
(24:11 / All) IlIlIlIlIlIIlIl: 1x1?
(24:13 / All) ChipKelly: we alredayd 1v1
(24:14 / All) GabrielUrach: without noob allys
(24:15 / All) IlIlIlIlIlIIlIl: You don't even know what it's called
(24:16 / All) ChipKelly: i killed your base
(24:19 / All) IlIlIlIlIlIIlIl: 1V1
(24:21 / All) IlIlIlIlIlIIlIl: not 1X1
(24:25 / All) GabrielUrach: lol
(24:29 / All) GabrielUrach: what a dumbass
(24:43 / All) GabrielUrach: numbnuts
(24:51 / All) ChipKelly: bye purp
(24:53 / All) GabrielUrach: i will fuck your mother asses
(24:59 / All) ChipKelly: lol
(25:07 / All) IlIlIlIlIlIIlIl: You're into necrophilia bro?!?!?!!?!?!
(25:14 / All) IlIlIlIlIlIIlIl: lol
(25:17 / All) IlIlIlIlIlIIlIl: so he left
(25:18 / All) ChipKelly: LOL
(25:24 / All) ChipKelly: he lose
(25:25 / All) IlIlIlIlIlIIlIl: clearly ashamed of his corpse love